 Dungeon Crawl Stone Soup version 0.26.1-11-gd32895ea62 (webtiles) character file.

Game seed: 17461262570565701779

84 Zeld the Chucker (level 4, 0/29 HPs)
             Began as an Octopode Gladiator on May 23, 2021.
             Succumbed to a goblin's poison
             ... on level 2 of the Dungeon.
             The game lasted 00:01:30 (2007 turns).

Zeld the Chucker (Octopode Gladiator)               Turns: 2007, Time: 00:01:30

Health: 0/29       AC:  1    Str: 14    XL:     4   Next: 46%
Magic:  4/4        EV: 14    Int: 10    God:
Gold:   155        SH:  0    Dex: 13    Spells: 3/3 levels left

rFire    . . .     SeeInvis .     - Unarmed
rCold    . . .     Faith    .   (no shield)
rNeg     . . .     Spirit   .   a - +0 hat
rPois    .         Reflect  .   (no amulet)
rElec    .         Harm     .   g - ring of willpower
rCorr    .         Rampage  .   (no ring)
Will     +....                  (no ring)
Stlth    ++........             (no ring)
HPRegen  0.09/turn              (no ring)
MPRegen  0.09/turn              (no ring)
                                (no ring)
                                (no ring)

@: lethally poisoned (0 -> -3), hasted, very quick
A: almost no armour, stealthy swim, amphibious, 8 rings, constrict 8, camouflage
1, gelatinous body 1
a: no special abilities


You were on level 2 of the Dungeon.
You visited 1 branch of the dungeon, and saw 2 of its levels.

You collected 155 gold pieces.

Inventory:

Missiles
 b - 3 throwing nets (quivered)
 e - 5 boomerangs
Armour
 a - a +0 hat (worn)
Jewellery
 g - a ring of willpower (left tentacle)
Scrolls
 c - 5 scrolls of remove curse {unknown}
 d - a scroll of random uselessness {unknown}
 h - a scroll of magic mapping {unknown}
 j - 2 scrolls of enchant armour {unknown}
 k - a scroll of amnesia {unknown}
Potions
 f - a potion of heal wounds {unknown}
 i - 2 potions of haste
 l - a potion of curing {unknown}


   Skills:
 - Level 2.0 Fighting
 * Level 4.5 Throwing
 - Level 3.0 Dodging
 - Level 3.0 Unarmed Combat


You had 3 spell levels left.
You didn't know any spells.
Your spell library was empty.

Dungeon Overview and Level Annotations

Branches:
Dungeon (2/15)

Altars:


Innate Abilities, Weirdness & Mutations

You cannot wear most types of armour.
You are very stealthy in the water. (Stealth+)
You are amphibious.
You can wear up to eight rings at the same time.
You can use your tentacles to constrict eight enemies at once.
Your skin changes colour to match your surroundings (Stealth+).
Your rubbery body absorbs attacks. (AC +1, EV +1)


Message History

* * * LOW HITPOINT WARNING * * *
You feel sick.
* * * LOW HITPOINT WARNING * * *
You feel sick.
* * * LOW HITPOINT WARNING * * *
You feel sick.
* * * LOW HITPOINT WARNING * * *
You feel sick.
* * * LOW HITPOINT WARNING * * *
You feel sick.
It was a potion of haste.
You feel yourself speed up.
* * * LOW HITPOINT WARNING * * *
You feel sick.
The goblin hits you with a +2 dagger of venom.
* * * LOW HITPOINT WARNING * * *
* * * LOW HITPOINT WARNING * * *
You feel sick.
* * * LOW HITPOINT WARNING * * *
You feel sick.
You die...

..............(......)...........
#..........####)......#########..
#........#.# #####.....# #..
#........#.# #.....# #..
#........#.# #.....# ##.
##.........##### #.....# #.
#.##..........####.....# #.
#.##.............#.....# ##
#.##...........@........ .###
#.##########.....#....... .....
.. ####.........#.#.# .#.##
#........###.#.. #...
#.###....###.... (..
###.###.......# ....
#.....#..g.†..# ....
#.....#.......# #...
#.............# .


You could see a goblin.

Vanquished Creatures
  4 adders (D:2)
  An ooze (D:2)
  A dart slug (D:1)
  A leopard gecko (D:2)
  A ball python (D:2)
  A giant cockroach (D:2)
  3 goblins
  8 hobgoblins
  8 jackals (D:1)
  2 kobolds
  5 bats
  3 frilled lizards
  2 rats
40 creatures vanquished.

Notes
Turn   | Place    | Note
-------+----------+-------------------------------------------
     0 | D:1      | Zeld the Octopode Gladiator began the quest for the Orb.
     0 | D:1      | Reached XP level 1. HP: 14/14 MP: 1/1
   149 | D:1      | Reached XP level 2. HP: 6/19 MP: 2/2
   422 | D:1      | Reached skill level 3 in Throwing
   774 | D:1      | Reached XP level 3. HP: 16/24 MP: 3/3
  1497 | D:2      | Reached skill level 4 in Throwing
  1650 | D:2      | Reached XP level 4. HP: 24/29 MP: 4/4
  1998 | D:2      | HP: 1/29 [poisoned by a goblin]
  2007 | D:2      | Succumbed to a goblin's poison

Illustrated notes

Levels and vault maps discovered:
D:1:      nicolae_arrival_memento_mori, layout_basic
D:2:      layout_basic

Skill      XL: |  1  2  3 |
---------------+----------+-----
Throwing       | 3 4 |  4.5
Fighting       | |  2.0
Dodging        | |  3.0
Unarmed Combat | |  3.0

Action                   |  1- 3 |  4- 6 || total
-------------------------+-------+-------++-------
Melee: Unarmed           |    64 |    22 ||    86
       Constrict         |    20 |     6 ||    26
       Tentacles         |    14 |     3 ||    17
       Punch             |     2 |       ||     2
  Use: Potion            |       |     1 ||     1
 Stab: Sleeping          |    14 |     2 ||    16
Armor: Skin              |     2 |     3 ||     5
Dodge: Dodged            |    35 |    19 ||    54
